 Dungeon Crawl Stone Soup version 0.27-a0-412-g8dd771eca2 (webtiles) character file.

Game seed: 17021785054582826124

103 karrick the Cudgeller (level 4, -1/34 HPs)
             Began as a Gnoll Wanderer on Feb 24, 2021.
             Slain by Crazy Yiuf
             ... wielding a +3 quarterstaff of chaos
              (3 damage)
             ... on level 3 of the Dungeon.
             The game lasted 00:03:53 (4457 turns).

karrick the Cudgeller (Gnoll Wanderer)              Turns: 4457, Time: 00:03:55

Health: -1/34      AC:  6    Str: 12    XL:     4   Next: 79%
Magic:  1/8        EV: 11    Int: 12    God:
Gold:   185        SH:  0    Dex: 11    Spells: 8/9 levels left

rFire    . . .     SeeInvis +   b - +0 mace
rCold    . . .     Faith    .   (no shield)
rNeg     + . .     Spirit   .   p - +3 leather armour
rPois    .         Reflect  .   (no helmet)
rElec    .         Harm     .   (no cloak)
rCorr    .         Rampage  .   (no gloves)
Will     .....                  (no boots)
Stlth    +.........             (no amulet)
HPRegen  0.11/turn              l - ring of see invisible
MPRegen  0.11/turn              r - ring of positive energy

@: slowed, very slow
A: distributed training, fangs 1, strong nose
a: no special abilities


You were on level 3 of the Dungeon.
You visited 1 branch of the dungeon, and saw 3 of its levels.

You collected 185 gold pieces.

Inventory:

Hand Weapons
 a - a +0 hand crossbow
 b - a +0 mace (weapon)
 v - a +0 dagger of speed
Missiles
 c - 18 bolts
Armour
 e - a +0 robe
 p - a +3 leather armour (worn)
Jewellery
 l - a ring of see invisible (left hand)
 r - a ring of positive energy (right hand)
Scrolls
 h - 4 scrolls of fog {unknown}
 i - 2 scrolls of amnesia {unknown}
 k - 2 scrolls of random uselessness {unknown}
 n - 4 scrolls of identify {unknown}
 s - 2 scrolls of magic mapping {unknown}
 u - a scroll of immolation {unknown}
 w - a scroll of teleportation {unknown}
Potions
 d - 2 potions of might {unknown}
 f - 2 potions of curing {unknown}
 g - 2 potions of mutation {unknown}
 j - 2 potions of heal wounds {unknown}
 m - a potion of invisibility {unknown}
 o - a potion of attraction {unknown}
 q - a potion of brilliance {unknown}
 t - a potion of berserk rage {unknown}
 x - a potion of degeneration {unknown}


   Skills:
 + Level 2.8 Fighting
 + Level 1.2 Short Blades
 + Level 1.2 Long Blades
 + Level 1.2 Axes
 + Level 6.6 Maces & Flails
 + Level 1.2 Polearms
 + Level 1.2 Staves
 + Level 1.2 Slings
 + Level 1.2 Bows
 + Level 1.2 Crossbows
 + Level 1.2 Throwing
 + Level 2.8 Armour
 + Level 1.2 Dodging
 + Level 1.2 Stealth
 + Level 1.2 Shields
 + Level 1.2 Unarmed Combat
 + Level 3.0 Spellcasting
 + Level 3.9 Conjurations
 + Level 1.0 Hexes
 + Level 1.0 Summonings
 + Level 1.0 Necromancy
 + Level 1.0 Translocations
 + Level 1.0 Transmutations
 + Level 1.0 Fire Magic
 + Level 1.0 Ice Magic
 + Level 1.0 Air Magic
 + Level 1.0 Earth Magic
 + Level 1.0 Poison Magic
 + Level 1.3 Invocations
 + Level 4.7 Evocations


You had 8 spell levels left.
You knew the following spells:

 Your Spells              Type           Power        Failure   Level
a - Magic Dart            Conj           44%          6%          1

Your spell library contained the following spells:

 Spells                   Type           Power        Failure   Level
 Blink                    Tloc           N/A          30%         2
 Call Imp                 Summ           4%           30%         2
 Slow                     Hex            4%           30%         2
 Conjure Flame            Conj/Fire      7%           34%         3
 Mephitic Cloud           Conj/Pois/Air  6%           38%         3


Dungeon Overview and Level Annotations

Branches:
Dungeon (3/15)

Altars:
Elyvilon
Makhleb
Vehumet

Annotations:
D:3 Crazy Yiuf


Innate Abilities, Weirdness & Mutations

Your experience applies equally to all skills.
You have very sharp teeth.
Your uncanny sense of smell can sniff out nearby items.


Message History

[Y]es or [N]o only, please.
That beam is likely to hit you.
Continue anyway?
Okay, then.
You see here a +0 short sword.
You see here 7 sling bullets.
There is an open door here.
There is an open door here.
Found a mace.
Found a runed translucent door.
Crazy Yiuf shouts!
There is an escape hatch in the ceiling here.
There is a stone staircase leading down here.
There is a stone staircase leading down here.
Crazy Yiuf shouts!
Could not explore, unopened runed door.
Could not explore, unopened runed door.
As you open the door, it creaks loudly!
You closely miss Crazy Yiuf.
Crazy Yiuf hits you with a +3 quarterstaff of chaos.
You feel yourself slow down.
You hit Crazy Yiuf. You bite Crazy Yiuf.
Crazy Yiuf is moderately wounded.
Crazy Yiuf misses you.
Crazy Yiuf glowers.
Crazy Yiuf hits you with a +3 quarterstaff of chaos!
You feel your power leaking away.
Unknown command.
Aiming: Magic Dart (safe; 6% risk of failure)
Press: ? - help, Q - select action Shift-Dir - straight line, f - Crazy Yiuf
Aim: Crazy Yiuf, wielding a +3 quarterstaff of chaos and wearing a +0 cloak (moderately wounded, 0% to evade)
The magic dart hits Crazy Yiuf but does no damage.
Crazy Yiuf is moderately wounded.
Crazy Yiuf barely misses you.
You aren't carrying any items that you can evoke.
You barely miss Crazy Yiuf.
Crazy Yiuf is moderately wounded.
Crazy Yiuf hits you with a +3 quarterstaff of chaos!
Ouch! That really hurt!
* * * LOW HITPOINT WARNING * * *
Crazy Yiuf burns you.
You die...

##..#####.#
#....# #.#
♣...P♣ #.#
♣...♣♣ #.#
♣♣.♣♣ #.#
♣.♣♣ #.# ♣♣.♣
#.# #####
♣.♣♣
#.##########
#>..# ♣♣@♣
#...........
#.#.# #g#
############
##.#.# ...
#....# #...#
#..### #..)#
#..### #####
############
#....#
#...........
#.##.########
############
#......#..#^#
#


You could see Crazy Yiuf.

Vanquished Creatures
  An adder (D:2)
  8 worms
  2 dart slugs
  2 leopard geckos
  An orc (D:3)
  2 ball pythons
  2 bats (D:1)
  5 giant cockroaches
  5 goblins
  9 hobgoblins
  2 jackals (D:2)
  A quokka (D:2)
  A frilled lizard (D:1)
  10 kobolds
  10 rats
61 creatures vanquished.

Notes
Turn   | Place    | Note
-------+----------+-------------------------------------------
     0 | D:1      | karrick the Gnoll Wanderer began the quest for the Orb.
     0 | D:1      | karrick set off with the following items: a +0 hand
                  | crossbow, 19 bolts, a +0 robe; and the following spell
                  | memorised: Magic Dart; and the following spells available
                  | to memorise: Blink, Call Imp, Slow, Conjure Flame, Mephitic
                  | Cloud
     0 | D:1      | Reached XP level 1. HP: 17/17 MP: 4/4
   174 | D:1      | Reached XP level 2. HP: 15/23 MP: 5/5
  1180 | D:2      | Reached XP level 3. HP: 28/28 MP: 7/7
  1395 | D:2      | Reached skill level 1 in Invocations
  1683 | D:2      | Found a burning altar of Makhleb.
  1896 | D:3      | Reached skill level 1 in Short Blades
  1896 | D:3      | Reached skill level 1 in Long Blades
  1896 | D:3      | Reached skill level 1 in Axes
  1896 | D:3      | Reached skill level 1 in Polearms
  1896 | D:3      | Reached skill level 1 in Staves
  1896 | D:3      | Reached skill level 1 in Slings
  1896 | D:3      | Reached skill level 1 in Bows
  1896 | D:3      | Reached skill level 1 in Crossbows
  1896 | D:3      | Reached skill level 1 in Throwing
  1896 | D:3      | Reached skill level 1 in Dodging
  1896 | D:3      | Reached skill level 1 in Stealth
  1896 | D:3      | Reached skill level 1 in Shields
  1896 | D:3      | Reached skill level 1 in Unarmed Combat
  2324 | D:2      | Reached XP level 4. HP: 34/34 MP: 8/8
  3285 | D:3      | Found a radiant altar of Vehumet.
  3339 | D:3      | Found a white marble altar of Elyvilon.
  3355 | D:3      | Reached skill level 1 in Hexes
  3355 | D:3      | Reached skill level 1 in Summonings
  3355 | D:3      | Reached skill level 1 in Necromancy
  3355 | D:3      | Reached skill level 1 in Translocations
  3355 | D:3      | Reached skill level 1 in Transmutations
  3355 | D:3      | Reached skill level 1 in Fire Magic
  3355 | D:3      | Reached skill level 1 in Ice Magic
  3355 | D:3      | Reached skill level 1 in Air Magic
  3355 | D:3      | Reached skill level 1 in Earth Magic
  3355 | D:3      | Reached skill level 1 in Poison Magic
  4232 | D:3      | Found a runed translucent door.
  4233 | D:3      | Noticed Crazy Yiuf
  4457 | D:3      | Slain by Crazy Yiuf

Illustrated notes

Levels and vault maps discovered:
D:1:      dpeg_arrival_ratfight, layout_basic
D:2:      layout_basic, nicolae_overflow_hidden_temple, nrook_mini_backslash,
          chequers_arboretum
D:3:      layout_basic, nicolae_overflow_crystal_walls, fiery_altar_vehumet,
          uniq_crazy_yiuf_cottage

Skill      XL: |  1  2  3  4 |
---------------+-------------+-----
Invocations    | 1 |  1.3
Short Blades   | 1 |  1.2
Long Blades    | 1 |  1.2
Axes           | 1 |  1.2
Polearms       | 1 |  1.2
Staves         | 1 |  1.2
Slings         | 1 |  1.2
Bows           | 1 |  1.2
Crossbows      | 1 |  1.2
Throwing       | 1 |  1.2
Dodging        | 1 |  1.2
Stealth        | 1 |  1.2
Shields        | 1 |  1.2
Unarmed Combat | 1 |  1.2
Spellcasting   | 3 |  3.0
Hexes          | 1 |  1.0
Summonings     | 1 |  1.0
Necromancy     | 1 |  1.0
Translocations | 1 |  1.0
Transmutations | 1 |  1.0
Fire Magic     | 1 |  1.0
Ice Magic      | 1 |  1.0
Air Magic      | 1 |  1.0
Earth Magic    | 1 |  1.0
Poison Magic   | 1 |  1.0
Fighting       | |  2.8
Maces & Flails | |  6.6
Armour         | |  2.8
Conjurations   | |  3.9
Evocations     | |  4.7

Action                   |  1- 3 |  4- 6 || total
-------------------------+-------+-------++-------
Melee: Mace              |   128 |   110 ||   238
       Bite              |    10 |    15 ||    25
       Punch             |     1 |       ||     1
 Fire: Hand crossbow     |     3 |       ||     3
 Cast: Magic Dart        |     4 |     7 ||    11
 Stab: Sleeping          |     1 |     1 ||     2
Armor: Robe              |    10 |       ||    10
       Leather armour    |     9 |    32 ||    41
Dodge: Dodged            |    63 |    68 ||   131

Table legend: (Time is in decaauts)
 A = Elapsed time spent in this place.
 B = Non-inter-level travel time spent in this place.
 C = Inter-level travel time spent in this place.
 D = Time resting spent in this place.
 E = Time spent auto-exploring this place.
 F = Levels seen in this place.
 G = Mean time per level.
                   A        B        C        D        E       F      G
               +--------+--------+--------+--------+--------+-----+--------+
         Total |   4475 |   4401 |     74 |    269 |   3559 |   3 | 1491.7 |
       Dungeon |   4475 |   4401 |     74 |    269 |   3559 |   3 | 1491.7 |
               +--------+--------+--------+--------+--------+-----+--------+

Top non-repeatable levels by time:
     D:3: 1735 daAuts
     D:2: 1557 daAuts
     D:1: 1182 daAuts
